 Dungeon Crawl Stone Soup version 0.31.0-9-g3a7656b989 (webtiles) character file.

Game seed: 8596927044965318686

1124 qw the Skirmisher (level 8, -2/42 (46) HPs)
             Began as a Deep Elf Hunter on Feb 2, 2024.
             Was a Follower of Okawaru.
             Slain by a wight
             ... wielding a +3 spear of freezing
              (4 damage)
             ... on level 6 of the Dungeon.
             The game lasted 00:00:18 (4069 turns).

qw the Skirmisher (Deep Elf Hunter)                 Turns: 4069, Time: 00:00:19

HP:   -2/42 (46)    AC:  5    Str: 16    XL:     8   Next: 13%
MP:   10/10         EV: 14    Int: 15    God:    Okawaru [*.....]
Gold: 32            SH:  0    Dex: 18    Spells: 7/7 levels left

rFire   + . .        a - +0 shortbow (heavy)
rCold   . . .        (shield currently unavailable)
rNeg    + . .        d - +2 robe {rF+}
rPois   .            (no helmet)
rElec   +            (no cloak)
rCorr   .            (no gloves)
SInv    .            g - +0 pair of boots
Will    .....        (no amulet)
Stlth   ++           j - ring "Leqotwix" {rElec rN+}
HPRegen 0.27/turn    m - +6 ring of strength
MPRegen 0.12/turn

%: no passive effects
@: about to teleport, drained
A: no striking features
a: Renounce Religion, Heroism


You were on level 6 of the Dungeon.
You worshipped Okawaru.
Okawaru was aware of your devotion.
You visited 2 branches of the dungeon, and saw 7 of its levels.

You collected 197 gold pieces.
You spent 165 gold pieces at shops.


   Skills:
 - Level 3.1 Fighting
 - Level 12.0 Ranged Weapons
 + Level 4.4 Dodging
 - Level 1.2 Stealth
 + Level 0.9 Invocations


You had 7 spell levels left.
You didn't know any spells.
Your spell library was empty.

Inventory:

Hand Weapons
 a - a +0 heavy shortbow (weapon)
Armour
 b - a +0 ring mail
 d - a +2 robe of fire resistance (worn)
 g - a +0 pair of boots (worn)
Jewellery
 j - the ring "Leqotwix" (left hand) {rElec rN+}
   (You acquired it on level 4 of the Dungeon)

   [ring of positive energy]

   rElec:     It insulates you from electricity.
   rN+:       It protects you from negative energy.
 m - a +6 ring of strength (right hand)
Potions
 c - 2 potions of enlightenment
 e - 2 potions of curing
 h - a potion of invisibility {unknown}
 i - a potion of brilliance {unknown}
 k - a potion of mutation {unknown}

Dungeon Overview and Level Annotations

Branches:
Dungeon (6/15)             Temple (1/1) D:4

Altars:
Cheibriados
Elyvilon
Fedhas
Hepliaklqana
Makhleb
Nemelex Xobeh
Okawaru
Qazlal
Ru
Sif Muna
Trog
Uskayaw
Vehumet
Wu Jian
Xom
The Shining One

Shops:
D:2 ((*?[   D:5 **

Annotations:
D:4 3 runed translucent doors, qw's ghost, amateur SpHu


Message History

A wight comes into view. It is wielding a +0 short sword.
Enter note:
Enter note:
4062 ||| RETREEEEATING.
The wight attacks as it pursues you! The wight hits you but does no damage.
Enter note:
4063 ||| RETREEEEATING.
Things that are here:
a +3 falchion; a +0 robe You shoot an arrow.
The arrow barely misses the wight.
The wight barely misses you.
You shoot an arrow. The arrow hits the wight!
The wight is heavily damaged.
The wight barely misses you.
The wight hits you with a +1 war axe of freezing.
You partially resist.
You feel drained. The wight freezes you.
You shoot an arrow. The arrow hits the wight!
You destroy the wight!
Okawaru accepts your kill.
The wight hits you from afar with a +3 spear of freezing!
You partially resist.
You feel drained. The wight freezes you.
Your life force feels restored.
You shoot an arrow.
The arrow hits the wight but does no damage.
The wight hits you from afar with a +3 spear of freezing.
You partially resist.
You feel drained. The wight freezes you.
You shoot an arrow. The arrow closely misses the wight.
The arrow hits the wight.
The wight is lightly damaged.
The wight hits you from afar with a +3 spear of freezing.
You partially resist.
You feel drained. The wight freezes you.
The wight hits you with a +0 short sword.
The wight closely misses you.
The wight hits you with a +0 short sword.
You partially resist.
You feel drained.
4069 ||| READING scroll of teleportation.
As you read the scroll of teleportation, it crumbles to dust.
You feel strangely unstable.
The wight hits you from afar with a +3 spear of freezing.
You die...

# ## #. # ##. #. ##..
#.#################..#
#..zz@...............#
#....###############..#
#..### ##.. #.. ##. #.
## #. # #


You could see 2 wights.

Vanquished Creatures
  Sigmund (D:3)
  A black bear (D:4)
  An ice beast (D:5)
  An ogre (D:4)
  A phantom (D:5)
  A scorpion (D:4)
  2 wights (D:6)
  A hound (D:4)
  2 jellies
  2 orc priests
  2 sleepcaps (D:5)
  Jessica (D:3)
  An orc wizard (D:4)
  Natasha (thrice) (D:2)
  6 adders
  2 ribbon worms (D:3)
  6 orcs
  4 bats
  4 endoplasms
  2 giant cockroaches (D:1)
  7 goblins
  7 hobgoblins
  2 jackals (D:1)
  2 quokkas (D:3)
  5 ball pythons
  4 frilled lizards
  7 kobolds
  2 rats (D:1)
80 creatures vanquished.

Notes
Turn   | Place    | Note
-------+----------+-------------------------------------------
     0 | D:1      | qw the Deep Elf Hunter began the quest for the Orb.
     0 | D:1      | Reached XP level 1. HP: 12/12 MP: 3/3
     0 | D:1      | 0 ||| qw: Version: 0.3-a-155-g5e7d8dd
     0 | D:1      | 0 ||| qw: Game counter: 929
     0 | D:1      | 0 ||| qw: Melee chars always use a shield: true
     0 | D:1      | 0 ||| qw: God list: Okawaru
     0 | D:1      | 0 ||| qw: Allow faded altars: false
     0 | D:1      | 0 ||| qw: Do Orc after clearing Dungeon:15 true
     0 | D:1      | 0 ||| qw: Do second Lair branch before Depths: true
     0 | D:1      | 0 ||| qw: Lair rune preference: random
     0 | D:1      | 0 ||| qw: Goals: Normal
     0 | D:1      | 0 ||| PLANNING D:1-11
   154 | D:1      | Reached XP level 2. HP: 16/16 MP: 4/4
   210 | D:1      | Reached skill level 6 in Ranged Weapons
   725 | D:1      | 725 ||| UPGRADING to +0 scale mail.
   735 | D:1      | 735 ||| DROPPING +0 leather armour.
   736 | D:1      | 736 ||| READING scroll labelled XASTRA MOOSS.
   737 | D:1      | 737 ||| READING scroll labelled JEHAER ULAB.
   737 | D:1      | 737 ||| BRANDING +0 shortbow.
   738 | D:1      | 738 ||| READING scroll labelled MAESKO NUVOSH.
   739 | D:1      | 739 ||| READING scroll labelled KEPRINL TAPE.
   744 | D:1      | 744 ||| DRINKING 2 bubbling pink potions.
   745 | D:1      | 745 ||| DROPPING scroll of butterflies.
   754 | D:2      | Found Mytic's Weapon Emporium.
   766 | D:2      | Noticed Natasha
   769 | D:2      | Killed Natasha
   770 | D:2      | Reached skill level 7 in Ranged Weapons
   770 | D:2      | Reached XP level 3. HP: 20/20 MP: 5/5
   773 | D:2      | Noticed Natasha
   778 | D:2      | HP: 4/20 [Natasha (8)]
   780 | D:2      | Killed Natasha
   781 | D:2      | Reached XP level 4. HP: 6/25 MP: 6/6
   784 | D:2      | HP: 6/25 [constriction (1)]
   864 | D:2      | Noticed Natasha
   872 | D:2      | Killed Natasha
   932 | D:2      | Found Udghousaz's Antique Weapon Emporium.
   956 | D:2      | 956 ||| SHOPLISTING ichor-stained arbalest (237 gold, have
                  | 54).
   956 | D:2      | 956 ||| SHOPLISTING runed orcbow (162 gold, have 54).
   965 | D:2      | Reached skill level 8 in Ranged Weapons
   971 | D:2      | Found Zephed's Magic Scroll Shoppe.
   980 | D:2      | 980 ||| READING scroll of brand weapon.
   980 | D:2      | 980 ||| BRANDING +0 shortbow of freezing.
   996 | D:2      | Found Lugis's Antique Armour Shop.
   998 | D:2      | 998 ||| SHOPLISTING scroll of enchant weapon (105 gold,
                  | have 84).
   998 | D:2      | 998 ||| BUYING scroll of identify (28 gold).
   998 | D:2      | Bought a scroll of identify for 28 gold pieces
   998 | D:2      | 998 ||| BUYING scroll of identify (28 gold).
   998 | D:2      | Bought a scroll of identify for 28 gold pieces
   998 | D:2      | 998 ||| BUYING scroll of identify (28 gold).
   998 | D:2      | Bought a scroll of identify for 28 gold pieces
   998 | D:2      | 998 ||| SHOPLISTING scroll of teleportation (42 gold, have
                  | 0).
  1012 | D:2      | 1012 ||| SHOPLISTING faintly humming leather armour (210
                  | gold, have 0).
  1012 | D:2      | 1012 ||| SHOPLISTING glowing robe (111 gold, have 0).
  1012 | D:2      | 1012 ||| SHOPLISTING ring mail (120 gold, have 0).
  1173 | D:2      | Found Qeghoh's General Store.
  1176 | D:2      | Identified the orb of the Furies {light, rElec rC+++ Dex-5
                  | Stlth+}
  1184 | D:2      | 1184 ||| SHOPLISTING +0 orcbow of draining (83 gold, have
                  | 33).
  1184 | D:2      | 1184 ||| SHOPLISTING scroll of brand weapon (95 gold, have
                  | 33).
  1184 | D:2      | 1184 ||| SHOPLISTING scroll of enchant armour (75 gold,
                  | have 33).
  1276 | D:2      | 1276 ||| UPGRADING to +0 pair of boots.
  1281 | D:2      | 1281 ||| READING 4 scrolls of identify.
  1281 | D:2      | 1281 ||| IDENTIFYING lumpy dark potion
  1282 | D:2      | 1282 ||| READING 3 scrolls of identify.
  1282 | D:2      | 1282 ||| IDENTIFYING sedimented white potion
  1283 | D:2      | 1283 ||| READING 2 scrolls of identify.
  1283 | D:2      | 1283 ||| IDENTIFYING purple potion
  1284 | D:2      | 1284 ||| READING scroll of identify.
  1284 | D:2      | 1284 ||| IDENTIFYING fizzy red potion
  1285 | D:2      | 1285 ||| DROPPING potion of berserk rage.
  1286 | D:2      | 1286 ||| DROPPING potion of lignification.
  1287 | D:2      | 1287 ||| DROPPING potion of attraction.
  1288 | D:2      | 1288 ||| DROPPING potion of degeneration.
  1447 | D:3      | Reached XP level 5. HP: 29/29 MP: 7/7
  1520 | D:3      | Noticed Jessica
  1522 | D:3      | Killed Jessica
  1946 | D:3      | Noticed Sigmund
  1947 | D:3      | 1947 ||| ZAPPING wand of acid (4) at -3,-1 (Sigmund;
                  | floor).
  1948 | D:3      | 1948 ||| ZAPPING wand of acid (3) at -2,-1 (Sigmund;
                  | floor).
  1949 | D:3      | 1949 ||| ZAPPING wand of acid (2) at -2,-1 (Sigmund;
                  | floor).
  1950 | D:3      | 1950 ||| ZAPPING wand of acid (1) at -2,-1 (Sigmund;
                  | floor).
  1952 | D:3      | 1952 ||| DRINKING 3 potions of curing.
  1952 | D:3      | 1952 ||| (to cure confusion)
  1954 | D:3      | 1954 ||| DRINKING 2 potions of curing.
  1954 | D:3      | 1954 ||| (to cure confusion)
  1958 | D:3      | Killed Sigmund
  1959 | D:3      | Reached skill level 10 in Ranged Weapons
  1959 | D:3      | Reached XP level 6. HP: 26/34 MP: 8/8
  2032 | D:3      | 2032 ||| UPGRADING to +2 robe of fire resistance.
  2042 | D:3      | 2042 ||| READING scroll of identify.
  2042 | D:3      | 2042 ||| IDENTIFYING silvery potion
  2103 | D:4      | Found a runed translucent gate.
  2103 | D:4      | Found a runed translucent gate.
  2103 | D:4      | Found a runed translucent gate.
  2130 | D:4      | Reached skill level 3 in Dodging
  2139 | D:4      | Reached XP level 7. HP: 40/40 MP: 9/9
  2165 | D:4      | Found a radiant altar of Vehumet.
  2232 | D:4      | Found a staircase to the Ecumenical Temple.
  2233 | D:4      | 2233 ||| PLANNING TEMPLE
  2233 | D:4      | 2233 ||| DROPPING +0 robe of willpower.
  2274 | D:4      | 2274 ||| READING scroll labelled CIYCINANTU.
  2281 | Temple   | Found a transporter.
  2281 | Temple   | Found a transporter.
  2281 | Temple   | Found a transporter.
  2281 | Temple   | Found a transporter.
  2281 | Temple   | Entered the Ecumenical Temple
  2282 | Temple   | 2282 ||| PLANNING D:1-11
  2290 | Temple   | 2290 ||| PLANNING OKAWARU WORSHIP
  2296 | Temple   | Became a worshipper of Warmaster Okawaru
  2297 | Temple   | 2297 ||| PLANNING D:1-11
  2434 | D:3      | 2434 ||| DROPPING +0 scale mail.
  2908 | D:4      | Noticed qw's ghost (amateur SpHu)
  2961 | D:5      | Entered Level 5 of the Dungeon
  3065 | D:5      | Reached skill level 11 in Ranged Weapons
  3240 | D:5      | Found Yqacuscho's Assorted Antiques.
  3249 | D:5      | 3249 ||| BUYING dark potion (25 gold).
  3249 | D:5      | Bought a dark potion for 25 gold pieces
  3249 | D:5      | 3249 ||| SHOPLISTING potion of curing (84 gold, have 58).
  3249 | D:5      | 3249 ||| BUYING scroll labelled JEDAXU VAU (28 gold).
  3249 | D:5      | Bought a scroll labelled JEDAXU VAU for 28 gold pieces
  3249 | D:5      | 3249 ||| BUYING scroll labelled UTOSOO POEDO (28 gold).
  3249 | D:5      | Bought a scroll labelled UTOSOO POEDO for 28 gold pieces
  3249 | D:5      | 3249 ||| SHOPLISTING scroll of identify (56 gold, have 2).
  3279 | D:5      | Found Vaku Kot's Gadget Gallery.
  3288 | D:5      | 3288 ||| SHOPLISTING wand of flame (19) (159 gold, have 2).
  3288 | D:5      | 3288 ||| SHOPLISTING wand of mindburst (7) (117 gold, have
                  | 2).
  3356 | D:5      | 3356 ||| FLEEEEING.
  3357 | D:5      | 3357 ||| FLEEEEING.
  3358 | D:5      | 3358 ||| FLEEEEING.
  3359 | D:5      | 3359 ||| FLEEEEING.
  3360 | D:5      | 3360 ||| FLEEEEING.
  3361 | D:5      | 3361 ||| FLEEEEING.
  3362 | D:5      | 3362 ||| FLEEEEING.
  3363 | D:5      | 3363 ||| FLEEEEING.
  3364 | D:5      | 3364 ||| FLEEEEING.
  3365 | D:5      | 3365 ||| FLEEEEING.
  3366 | D:5      | 3366 ||| FLEEEEING.
  3367 | D:5      | 3367 ||| FLEEEEING.
  3368 | D:5      | 3368 ||| FLEEEEING.
  3369 | D:5      | 3369 ||| FLEEEEING.
  3370 | D:5      | 3370 ||| FLEEEEING.
  3371 | D:5      | 3371 ||| FLEEEEING.
  3372 | D:5      | 3372 ||| FLEEEEING.
  3375 | D:5      | 3375 ||| FLEEEEING.
  3376 | D:5      | 3376 ||| STAIRDANCE
  3407 | D:4      | 3407 ||| READING scroll labelled JEDAXU VAU.
  3407 | D:4      | 3407 ||| ACQUIRING ring "Leqotwix" {rElec rN+}
  3407 | D:4      | Acquired the ring "Leqotwix" {rElec rN+}
  3409 | D:4      | 3409 ||| UPGRADING to ring "Leqotwix" {rElec rN+}.
  3410 | D:4      | 3410 ||| READING scroll labelled UTOSOO POEDO.
  3821 | D:5      | Reached skill level 12 in Ranged Weapons
  3910 | D:5      | 3910 ||| UPGRADING to +6 ring of strength.
  3911 | D:5      | 3911 ||| DRINKING 2 inky potions.
  3912 | D:5      | 3912 ||| DRINKING 3 potions of curing.
  3912 | D:5      | 3912 ||| (to cure confusion)
  3913 | D:5      | 3913 ||| DROPPING potion of ambrosia.
  3991 | D:6      | Reached XP level 8. HP: 45/45 MP: 10/10
  4056 | D:6      | Reached * piety under Okawaru
  4057 | D:6      | Reached skill level 3 in Fighting
  4062 | D:6      | 4062 ||| RETREEEEATING.
  4063 | D:6      | 4063 ||| RETREEEEATING.
  4068 | D:6      | HP: 11/44 [wight/+3 spear of freezing (4)]
  4068 | D:6      | HP: 3/43 [wight/+0 short sword (5)]
  4069 | D:6      | 4069 ||| READING scroll of teleportation.
  4069 | D:6      | Slain by a wight

Levels and vault maps discovered:
D:1:      elethiomel_arrival_maze, layout_loops_ring
D:2:      layout_rooms, serial_shops, nicolae_shop_statue_plus,
          nicolae_diamond_shop, shop, shop_fountains, shop,
          amcnicky_mini_rare_corridor_liquid, grunt_ministairs_2, uniq_natasha
D:3:      layout_loops_ring, uniq_jessica, uniq_sigmund
D:4:      layout_gridville, nicolae_overflow_hidden_temple,
          minmay_temple_entry_hall, gammafunk_ghost_icy
D:5:      layout_loops_ring, serial_shops, shop, nicolae_shop_gadgets
D:6:      layout_cave_pods, uniq_maggie, uniq_prince_ribbit1, uniq_edmund,
          uniq_duvessa
Temple:   hellmonk_temple_divided_pantheon

Skill      XL: |  1  2  3  4  5  6  7  8 |
---------------+-------------------------+-----
Ranged Weapons | 7 8 10 12 | 12.0
Dodging        | 3 4 |  4.4
Fighting       | 2 3 |  3.1
Stealth        | |  1.2
Invocations    | |  0.9

Action                     |  1- 3 |  4- 6 |  7- 9 || total
---------------------------+-------+-------+-------++-------
   Fire: Shortbow          |    49 |    82 |    78 ||   209
  Evoke: Wand              |       |     4 |       ||     4
    Use: Scroll            |     4 |     6 |     4 ||    14
         Potion            |     1 |     2 |     2 ||     5
 Armour: Scale mail        |     3 |    25 |       ||    28
         Robe              |       |     2 |    28 ||    30
  Dodge: Dodged            |     2 |    16 |    24 ||    42

Table legend:
 A = Non-vault XP
 B = Vault XP
 C = Vault XP percentage of total XP
 D = Non-vault monster count
 E = Vault monster count
 F = Vault count percentage of total count
                 A         B        C        D         E       F
            +---------+---------+-------+---------+---------+-------
      Total |    1294 |     312 |  19.4 |      75 |       5 |   6.2
            +---------+---------+-------+---------+---------+-------
        D:1 |      32 |       0 |   0.0 |      20 |       0 |   0.0
        D:2 |     118 |      36 |  23.4 |      16 |       3 |  15.8
        D:3 |      23 |     276 |  92.3 |      10 |       2 |  16.7
        D:4 |     515 |       0 |   0.0 |      17 |       0 |   0.0
        D:5 |     420 |       0 |   0.0 |       9 |       0 |   0.0
        D:6 |     186 |       0 |   0.0 |       3 |       0 |   0.0
            +---------+---------+-------+---------+---------+-------
